[Event "TIPC 2006"]
[Site "Charleroi BEL"]
[Date "2006.07.28"]
[Round "1"]
[White "Saibulatov, Danial"]
[Black "Henris, Luc"]
[Result "0-1"]
[ECO "C41"]
[WhiteElo "2431"]
[BlackElo "2269"]
[PlyCount "69"]
[TimeControl "40/7200:3600"]

1. e4 e5 2. Nf3 d6 3. d4 exd4 4. Nxd4 Nf6 5. Nc3 Be7 6. g3
d5 7. e5 Ng4 8. Bg2 O-O 9. O-O Nxe5 10. Nxd5 Bc5 11. Nb3 Bg4 12. Nxc5 Bxd1 13.
Rxd1 Nbd7 14. Nxb7 Qb8 15. Bf4 Re8 16. Nb4 a5 17. Nc6 Nxc6 18. Bxc6 Ne5 19. Bg2
Qa7 20. h3 Qb6 21. b3 Nc6 22. Rd7 Re2 23. Rf1 Rc8 24. Bd5 Qxb7 25. Rxf7 Kh8 26.
c4 Qb6 27. Bxc7 Qxc7 28. Rxc7 Rxc7 29. Rd1 h6 30. a3 Rd7 31. Rb1 Ne7 32. Bf3
Ra2 33. c5 Rxa3 34. c6 Rc7 35. Rd1 0-1

[Event "TIPC 2006"]
[Site "Charleroi BEL"]
[Date "2006.07.28"]
[Round "1"]
[White "Maréchal, Andy"]
[Black "Feller, Sébastien"]
[Result "1/2-1/2"]
[ECO "B23"]
[WhiteElo "2305"]
[BlackElo "2345"]
[PlyCount "72"]
[TimeControl "40/7200:3600"]

1. e4 c5 2. Nc3 a6 3. a4 Nc6 4. g3 g6 5. Bg2 Bg7 6. d3 d6
7. f4 e6 8. Nf3 Nge7 9. O-O O-O 10. Be3 Nd4 11. e5 Nef5 12. Bf2 Nxf3+ 13. Qxf3
Nd4 14. Qd1 dxe5 15. fxe5 Bxe5 16. Ne4 h5 17. c3 Nf5 18. Nxc5 a5 19. Qe2 Qc7
20. Rfe1 Bg7 21. d4 Rb8 22. Rad1 b6 23. Na6 Bxa6 24. Qxa6 Rfd8 25. Qe2 Bf8 26.
d5 exd5 27. Bxd5 Bc5 28. Bf3 Rxd1 29. Rxd1 Kf8 30. Re1 Bxf2+ 31. Qxf2 Qd7 32.
g4 hxg4 33. Bxg4 Qxa4 34. Bxf5 gxf5 35. Qxf5 Re8 36. Rxe8+ Qxe8 1/2-1/2

[Event "TIPC 2006"]
[Site "Charleroi BEL"]
[Date "2006.07.28"]
[Round "1"]
[White "Foisor, Cristina"]
[Black "Cappon, John"]
[Result "1/2-1/2"]
[ECO "D10"]
[WhiteElo "2393"]
[BlackElo "2231"]
[PlyCount "44"]
[TimeControl "40/7200:3600"]

1. d4 d5 2. c4 c6 3. e3 Nf6 4. Nc3 a6 5. Nf3 b5 6. c5 Bg4
7. Qb3 Nbd7 8. a4 Bxf3 9. gxf3 e5 10. Qa3 Rb8 11. axb5 axb5 12. Qa5 Qe7 13. Kd1
Qe6 14. Qc7 Be7 15. Ra6 Qf5 16. Be2 O-O 17. Rg1 Rfc8 18. Qa5 b4 19. Na4 Bd8 20.
Nb6 Nxb6 21. cxb6 Nd7 22. Qxb4 c5 *

[Event "TIPC 2006"]
[Site "Charleroi BEL"]
[Date "2006.07.28"]
[Round "1"]
[White "Wiley, Tom"]
[Black "Brittner, Serge"]
[Result "1/2-1/2"]
[ECO "E32"]
[WhiteElo "2317"]
[BlackElo "2327"]
[PlyCount "117"]
[TimeControl "40/7200:3600"]

1. d4 e6 2. c4 Nf6 3. Nc3 Bb4 4. Qc2 O-O 5. a3 Bxc3+ 6.
Qxc3 b6 7. Bg5 Bb7 8. Nf3 d6 9. Nd2 Nbd7 10. f3 d5 11. cxd5 exd5 12. e3 Re8 13.
Bb5 c6 14. Bd3 Qe7 15. Bf5 Rad8 16. O-O h6 17. Bxf6 Nxf6 18. Rfe1 Qd6 19. b4
Re7 20. a4 Rc7 21. a5 g6 22. Bd3 Nd7 23. Nb3 c5 24. bxc5 bxc5 25. dxc5 Nxc5 26.
Nxc5 Qxc5 27. Qxc5 Rxc5 28. a6 Bc6 29. Rec1 Rxc1+ 30. Rxc1 Rd6 31. Kf2 Kf8 32.
Ke2 Ke7 33. Kd2 Ba4 34. Rb1 Rd7 35. Kc3 Kd6 36. Kd4 Rc7 37. Rb8 h5 38. Rd8+ Rd7
39. Rc8 Bc6 40. f4 Re7 41. g3 Re8 42. Rxe8 Bxe8 43. Be2 Ba4 44. f5 Bd7 45. fxg6
fxg6 46. Bf3 Be6 47. h4 Bf7 48. Bd1 Be6 49. Bb3 Bc8 50. Bxd5 Bxa6 51. Bf7 Be2
52. Bxg6 a5 53. Bc2 Bb5 54. Bd1 Be8 55. e4 a4 56. e5+ Ke7 57. Kc3 Ke6 58. Kb4
Kxe5 59. Bxa4 1/2-1/2

[Event "TIPC 2006"]
[Site "Charleroi BEL"]
[Date "2006.07.29"]
[Round "2"]
[White "Foisor, Ovidiu"]
[Black "Wiley, Tom"]
[Result "1/2-1/2"]
[ECO "E39"]
[WhiteElo "2415"]
[BlackElo "2317"]
[PlyCount "81"]
[TimeControl "40/7200:3600"]

1. c4 Nf6 2. d4 e6 3. Nc3 Bb4 4. Qc2 c5 5. dxc5 O-O 6. Nf3
Bxc5 7. Bg5 Nc6 8. Rd1 Be7 9. e4 Qc7 10. Be2 b6 11. O-O Bb7 12. Nb5 Qb8 13.
Bxf6 Bxf6 14. Rxd7 Ne5 15. Nxe5 Bxe5 16. g3 Bc6 17. Rd2 Qb7 18. Bf3 Bxb5 19.
cxb5 Rac8 20. Qd3 Qb8 21. Rfd1 g6 22. Be2 Bf6 23. Qf3 Kg7 24. b3 Rfd8 25. Bc4
Rxd2 26. Rxd2 Rd8 27. Rd3 Rxd3 28. Qxd3 Qc7 29. Kg2 h5 30. f4 Qd8 31. e5 Be7
32. Qe4 Qd2+ 33. Qe2 Qxe2+ 34. Bxe2 Kf8 35. Kf3 Ba3 36. Bd3 Bb2 37. Ke4 Ke7 38.
Bc4 Bc3 39. h3 Be1 40. Kf3 Bd2 41. g4 1/2-1/2

[Event "TIPC 2006"]
[Site "Charleroi BEL"]
[Date "2006.07.29"]
[Round "2"]
[White "Henris, Luc"]
[Black "Maréchal, Andy"]
[Result "1/2-1/2"]
[ECO "C11"]
[WhiteElo "2269"]
[BlackElo "2305"]
[PlyCount "41"]
[TimeControl "40/7200:3600"]

1. e4 e6 2. d4 d5 3. Nc3 Nf6 4. Bg5 dxe4 5. Nxe4 Be7 6.
Bxf6 gxf6 7. Nf3 b6 8. Bd3 Bb7 9. Qe2 c6 10. O-O-O Qc7 11. Kb1 Nd7 12. Ba6 Bxa6
13. Qxa6 b5 14. Nc5 Nxc5 15. dxc5 Bxc5 16. Nd4 Rc8 17. Nb3 Be7 18. c4 O-O 19.
cxb5 cxb5 20. Qxb5 Rfd8 21. Qe2 1/2-1/2

[Event "TIPC 2006"]
[Site "Charleroi BEL"]
[Date "2006.07.29"]
[Round "2"]
[White "Feller, Sébastien"]
[Black "Foisor, Cristina"]
[Result "1/2-1/2"]
[ECO "E91"]
[WhiteElo "2345"]
[BlackElo "2393"]
[PlyCount "93"]
[TimeControl "40/7200:3600"]

1. d4 Nf6 2. c4 g6 3. Nc3 Bg7 4. e4 d6 5. Nf3 O-O 6. Be2
Bg4 7. Be3 Nfd7 8. O-O c5 9. d5 Na6 10. h3 Bxf3 11. Bxf3 Nc7 12. Be2 a6 13. a4
e6 14. Qd2 exd5 15. exd5 Re8 16. g4 Qe7 17. Rae1 Qf8 18. Kh2 f5 19. f4 Re7 20.
Bd3 fxg4 21. hxg4 Rae8 22. Kg3 a5 23. Nd1 Na6 24. g5 Nb4 25. Bb1 Bd4 26. f5
gxf5 27. Bxf5 Qg7 28. Bxd4 Qxd4 29. Qxd4 cxd4 30. Re6 Ne5 31. Nf2 Rxe6 32. dxe6
Nxc4 33. Ng4 Ne3 34. Nh6+ Kg7 35. Rf3 Nc6 36. Bh3 Ne5 37. Rf4 d3 38. Rd4 Kg6
39. Rxd6 Kxg5 40. Nf7+ Kf6 41. Nxe5 Kxe5 42. Rxd3 Nf5+ 43. Bxf5 Kxf5 44. Rb3
Rxe6 45. Rxb7 h6 46. Kf3 h5 47. b4 1/2-1/2

[Event "TIPC 2006"]
[Site "Charleroi BEL"]
[Date "2006.07.29"]
[Round "2"]
[White "Ahn, Martin"]
[Black "Cappon, John"]
[Result "1/2-1/2"]
[ECO "B48"]
[WhiteElo "2306"]
[BlackElo "2231"]
[PlyCount "50"]
[TimeControl "40/7200:3600"]

1. e4 c5 2. Nf3 e6 3. d4 cxd4 4. Nxd4 a6 5. Nc3 Qc7 6. Bd3
Nc6 7. Be3 Nf6 8. O-O Bd6 9. f4 Bc5 10. Nf5 Bxe3+ 11. Nxe3 d6 12. Kh1 b6 13.
Qe1 Bb7 14. Nc4 Nd7 15. a4 Nb4 16. e5 Nxd3 17. cxd3 dxe5 18. fxe5 O-O 19. Rc1
Nc5 20. Qe3 Qc6 21. Rf3 Rad8 22. Nd6 Rxd6 23. exd6 Qxd6 24. Ne4 Nxe4 25. dxe4
f5 1/2-1/2

[Event "TIPC 2006"]
[Site "Charleroi BEL"]
[Date "2006.07.29"]
[Round "2"]
[White "Brittner, Serge"]
[Black "Saibulatov, Danial"]
[Result "0-1"]
[ECO "E32"]
[WhiteElo "2327"]
[BlackElo "2431"]
[PlyCount "112"]
[TimeControl "40/7200:3600"]

1. d4 Nf6 2. c4 e6 3. Nc3 Bb4 4. Qc2 O-O 5. a3 Bxc3+ 6.
Qxc3 b6 7. Bg5 Bb7 8. e3 d6 9. Ne2 Nbd7 10. Qd3 Ba6 11. Nc3 d5 12. Qc2 Bxc4 13.
Bxc4 dxc4 14. Qa4 c5 15. Rd1 a6 16. Bxf6 Nxf6 17. dxc5 Qc7 18. cxb6 Qxb6 19.
Qc2 Rab8 20. Rd2 Rfd8 21. Rxd8+ Rxd8 22. O-O Rd3 23. Ne2 Qb3 24. Qxb3 Rxb3 25.
Rd1 g6 26. Rd2 Ne4 27. Rc2 Rd3 28. g4 Nd6 29. Nd4 Kf8 30. Nf3 c3 31. bxc3 Rd1+
32. Kg2 Nc4 33. Ra2 Rc1 34. a4 Rxc3 35. a5 h6 36. Ra4 Ke7 37. Nd4 Nd6 38. Rb4
e5 39. Nf3 Rc5 40. Ra4 Nb7 41. e4 Kd7 42. Ne1 Rxa5 43. Rxa5 Nxa5 44. Nd3 Nc6
45. Nc5+ Kc7 46. h4 a5 47. g5 hxg5 48. hxg5 Kd6 49. Nd3 Nb4 50. Nb2 Kc5 51.
Na4+ Kd4 52. f3 Nd3 53. Nb6 Kc5 54. Nd5 a4 55. Kf1 a3 56. Ne3 Nb4 0-1

[Event "TIPC 2006"]
[Site "Charleroi BEL"]
[Date "2006.07.30"]
[Round "3"]
[White "Wiley, Tom"]
[Black "Ahn, Martin"]
[Result "0-1"]
[ECO "B26"]
[WhiteElo "2340"]
[BlackElo "2306"]
[PlyCount "46"]
[TimeControl "40/7200:3600"]

1. e4 c5 2. Nc3 Nc6 3. g3 g6 4. Bg2 Bg7 5. d3 e6 6. Be3 d6 7. Qd2
Nge7 8. Bh6 Bxh6 9. Qxh6 Nd4 10. O-O-O b5 11. Nce2 Nxe2+ 12. Nxe2 e5 13. Qg7
Rf8 14. Qxh7 Be6 15. Kb1 Qa5 16. Nc1 Rb8 17. Qh6 Rb6 18. Bh3 f5 19. exf5 Bxa2+
20. Nxa2 Ra6 21. fxg6 Qxa2+ 22. Kc1 Rxf2 23. Qh8+ Ng8 0-1

[Event "TIPC 2006"]
[Site "Charleroi BEL"]
[Date "2006.07.30"]
[Round "3"]
[White "Maréchal, Andy"]
[Black "Brittner, Serge"]
[Result "1/2-1/2"]
[ECO "C07"]
[WhiteElo "2305"]
[BlackElo "2327"]
[PlyCount "90"]
[TimeControl "40/7200:3600"]

1. e4 e6 2. d4 d5 3. Nd2 c5 4. exd5 Qxd5 5. Ngf3 cxd4 6. Bc4 Qd6
7. Qe2 Nf6 8. Nb3 Nc6 9. Bg5 Qb4+ 10. Bd2 Qb6 11. O-O-O Bd7 12. Bg5 Bc5 13. Kb1
O-O-O 14. Ne5 Nxe5 15. Qxe5 Bd6 16. Qxd4 Qxd4 17. Nxd4 h6 18. Bxf6 gxf6 19. g3
Bc5 20. Rd2 a6 21. Rhd1 Kc7 22. f4 f5 23. Nf3 Bc6 24. Ne5 Rxd2 25. Rxd2 Be8 26.
Be2 f6 27. Nf3 Bf7 28. Bc4 Rd8 29. Rxd8 Kxd8 30. c3 Bf2 31. Kc2 Ke7 32. Kd2 Be8
33. Ke2 Bb6 34. Nd4 Bd7 35. Bd3 Bc7 36. Bc2 a5 37. Bd3 Bd6 38. Kf3 Bc5 39. Ke2
Kd6 40. Bc2 b5 41. a3 b4 42. axb4 axb4 43. Bb1 Bc8 44. Nb5+ Kc6 45. Nd4+ Kd6
1/2-1/2

[Event "TIPC 2006"]
[Site "Charleroi BEL"]
[Date "2006.07.30"]
[Round "3"]
[White "Cappon, John"]
[Black "Feller, Sébastien"]
[Result "0-1"]
[ECO "B51"]
[WhiteElo "2231"]
[BlackElo "2345"]
[PlyCount "44"]
[TimeControl "440/7200:3600"]

1. e4 c5 2. Nf3 d6 3. Bb5+ Nc6 4. O-O Bd7 5. Re1 Nf6 6. c3 a6 7.
Bf1 Bg4 8. h3 Bxf3 9. Qxf3 g6 10. a4 Bg7 11. Na3 O-O 12. Qd1 Nd7 13. d3 b5 14.
Nc2 b4 15. Bd2 bxc3 16. bxc3 Qc7 17. Ra3 Rfb8 18. Be3 Na5 19. Na1 Rb2 20. Nb3
Bxc3 21. Nd2 Bb4 22. Ra1 Nb3 0-1

[Event "TIPC 2006"]
[Site "Charleroi BEL"]
[Date "2006.07.30"]
[Round "3"]
[White "Foisor, Cristina"]
[Black "Henris, Luc"]
[Result "1/2-1/2"]
[ECO "A85"]
[WhiteElo "2393"]
[BlackElo "2269"]
[PlyCount "88"]
[TimeControl "40/7200:3600"]

1. c4 f5 2. Nc3 Nf6 3. d4 d6 4. g3 g6 5. Bg2 Bg7 6. d5 O-O 7. Nh3
Na6 8. Rb1 Nc5 9. Nf4 e5 10. dxe6 c6 11. O-O Nxe6 12. Qa4 Nxf4 13. Bxf4 Nh5 14.
Rfd1 Nxf4 15. gxf4 Qe7 16. Rd3 Be6 17. Rbd1 Rfd8 18. e3 Rd7 19. b3 a6 20. Qa5
Bxc3 21. Rxc3 Rad8 22. Rcd3 Kf7 23. Qb4 d5 24. Qxe7+ Kxe7 25. cxd5 Bxd5 26.
Bxd5 Rxd5 27. Rxd5 Rxd5 28. Rxd5 cxd5 29. Kf1 Kd6 30. Ke2 Kc5 31. Kd3 Kb4 32.
Kd4 Ka3 33. Kxd5 Kxa2 34. b4 Kb3 35. f3 Kxb4 36. e4 a5 37. e5 a4 38. e6 a3 39.
e7 a2 40. e8=Q a1=Q 41. Qe7+ Ka5 42. Qxb7 Qa2+ 43. Ke5 Qe2+ 44. Kf6 Qxh2
1/2-1/2

[Event "TIPC 2006"]
[Site "Charleroi BEL"]
[Date "2006.07.31"]
[Round "4"]
[White "Ahn, Martin"]
[Black "Feller, Sébastien"]
[Result "0-1"]
[ECO "B93"]
[WhiteElo "2306"]
[BlackElo "2345"]
[PlyCount "84"]
[TimeControl "40/7200:3600"]

1. e4 c5 2. Nf3 d6 3. d4 cxd4 4. Nxd4 Nf6 5. Nc3 a6
6. f4 e5 7. Nf3 Nbd7 8. a4 Be7 9. Bd3 O-O 10. O-O Nc5 11. Kh1 exf4 12. Bxf4 Bg4
13. Qd2 Re8 14. Nd4 Rc8 15. Rae1 Qb6 16. Bg5 Nxd3 17. Qxd3 Qxb2 18. Bd2 Qb6 19.
Rb1 Qc7 20. Qg3 Bh5 21. Nf5 Bg6 22. Rf3 Bf8 23. Qh4 Nd7 24. Rbf1 Kh8 25. Ne3
Ne5 26. Rh3 Qd8 27. Qg3 Nc4 28. Nxc4 Rxc4 29. Bg5 Qc8 30. Bd2 b5 31. axb5 axb5
32. Nxb5 Rxc2 33. Bf4 Bxe4 34. Rg1 Qb7 35. Nc3 Rxg2 36. Rxg2 Bxg2+ 37. Kg1 Bxh3
38. Qxh3 Re1+ 39. Kf2 Qh1 40. Ne2 Ra1 41. Bxd6 Qe1+ 42. Ke3 Ra8 0-1

[Event "TIPC 2006"]
[Site "Charleroi BEL"]
[Date "2006.07.31"]
[Round "4"]
[White "Henris, Luc"]
[Black "Cappon, John"]
[Result "1-0"]
[ECO "B22"]
[WhiteElo "2269"]
[BlackElo "2231"]
[PlyCount "59"]
[TimeControl "40/7200:3600"]

1. e4 c5 2. c3 d5 3. exd5 Qxd5 4. d4 Nf6 5. Nf3 e6
6. Na3 a6 7. Nc4 Nbd7 8. Bg5 Be7 9. Bxf6 gxf6 10. Ne3 Qd6 11. d5 Ne5 12. Be2 b5
13. Nxe5 Qxe5 14. dxe6 Bxe6 15. O-O h5 16. Bf3 Rd8 17. Qc2 h4 18. Rae1 Bd6 19.
Bc6+ Kf8 20. f4 Qh5 21. c4 b4 22. Bd5 Bc8 23. Qf2 Rg8 24. Qf3 Qh6 25. Be4 Bc7
26. Bf5 Bxf5 27. Nxf5 Qh7 28. Qe4 Rg4 29. Qe7+ Kg8 30. Qe8+ 1-0

[Event "TIPC 2006"]
[Site "Charleroi BEL"]
[Date "2006.07.31"]
[Round "4"]
[White "Brittner, Serge"]
[Black "Foisor, Cristina"]
[Result "0-1"]
[ECO "E91"]
[WhiteElo "2327"]
[BlackElo "2393"]
[PlyCount "84"]
[TimeControl "40/7200:3600"]

1. d4 Nf6 2. c4 g6 3. Nc3 Bg7 4. e4 d6 5. Nf3 O-O 6.
Be2 Bg4 7. Be3 Nfd7 8. Rc1 c5 9. d5 Na6 10. O-O Nc7 11. Ne1 Bxe2 12. Qxe2 a6
13. a4 e6 14. dxe6 Nxe6 15. Nf3 Nd4 16. Bxd4 cxd4 17. Nd5 Nc5 18. Qd1 Re8 19.
b4 Nxe4 20. Nxd4 a5 21. b5 Nc5 22. b6 Re4 23. Nb5 Qd7 24. Ndc7 Rd8 25. Qc2 Qe7
26. Nc3 Re5 27. f4 Rh5 28. h3 Qe3+ 29. Kh2 Qxc3 30. Qxc3 Bxc3 31. g4 Bd2 32.
Rcd1 Bxf4+ 33. Rxf4 Re5 34. Rdf1 Re2+ 35. Kg3 Rf8 36. Nd5 Kg7 37. g5 Ne6 38.
Rg4 Re5 39. h4 h5 40. gxh6+ Kxh6 41. Nc7 Ng7 42. Rd1 Nf5+ 0-1

[Event "TIPC 2006"]
[Site "Charleroi BEL"]
[Date "2006.07.31"]
[Round "4"]
[White "Wiley, Tom"]
[Black "Saibulatov, Danial"]
[Result "0-1"]
[ECO "E32"]
[WhiteElo "2340"]
[BlackElo "2431"]
[PlyCount "40"]
[TimeControl "40/7200:3600"]

1. d4 e6 2. c4 Nf6 3. Nc3 Bb4 4. Qc2 O-O 5. a3 Bxc3+
6. Qxc3 b6 7. Bg5 Bb7 8. Nf3 d6 9. Nd2 Nbd7 10. f3 Rc8 11. e3 c5 12. Bd3 h6 13.
Bh4 cxd4 14. Qxd4 Nc5 15. Bc2 e5 16. Qc3 b5 17. Bxf6 Qxf6 18. b4 Ne6 19. Be4 d5
20. Bc2 dxc4 0-1

[Event "TIPC 2006"]
[Site "Charleroi BEL"]
[Date "2006.07.31"]
[Round "4"]
[White "Foisor, Ovidiu"]
[Black "Maréchal, Andy"]
[Result "1-0"]
[ECO "A07"]
[WhiteElo "2415"]
[BlackElo "2305"]
[PlyCount "139"]
[TimeControl "40/7200:3600"]

1. Nf3 Nf6 2. g3 d5 3. Bg2 c6 4. d3 Bg4 5. Nbd2 Nbd7
6. h3 Bh5 7. O-O e6 8. Qe1 Bc5 9. e4 dxe4 10. dxe4 e5 11. Nc4 Bxf3 12. Bxf3 O-O
13. b4 Be7 14. Bb2 Qc7 15. Qc3 Rfe8 16. a4 Bf8 17. a5 b5 18. axb6 axb6 19. Rxa8
Rxa8 20. Rb1 Ra4 21. Nxe5 Nxe5 22. Qxe5 Qxe5 23. Bxe5 Rxb4 24. Ra1 Nd7 25. Bf4
Bc5 26. Ra8+ Nf8 27. e5 Rc4 28. Bd1 h6 29. h4 g5 30. hxg5 hxg5 31. Bxg5 Re4 32.
Bf3 Rxe5 33. Bf4 Re6 34. Rc8 Kg7 35. Rxc6 Rxc6 36. Bxc6 Ng6 37. Bd2 Ne5 38. Bc3
f6 39. Bb7 Ng4 40. Be1 f5 41. Kf1 Kg6 42. Ke2 Nf6 43. Bc6 Kf7 44. Bb5 Ne4 45.
Bc4+ Kf6 46. f3 Nd6 47. Bc3+ Kg5 48. Bd3 Ne8 49. Kf1 Nc7 50. Bc4 Ne8 51. Kg2
Nf6 52. Bf7 Nh7 53. Bg7 f4 54. g4 Nf6 55. Kf1 Bd4 56. Ke2 Be5 57. Bf8 Nd7 58.
Be7+ Kh6 59. Kd3 Bc7 60. Ke4 Kg7 61. Be6 Nf8 62. Bd5 Nd7 63. Kf5 Nf8 64. Bf6+
Kh7 65. Bf7 Nd7 66. Bd4 Nc5 67. g5 Bd8 68. g6+ Kh6 69. g7 Nb3 70. cxb3 1-0

[Event "TIPC 2006"]
[Site "Charleroi BEL"]
[Date "2006.08.01"]
[Round "5"]
[White "Saibulatov, Danial"]
[Black "Ahn, Martin"]
[Result "1-0"]
[ECO "B52"]
[WhiteElo "2431"]
[BlackElo "2306"]
[PlyCount "125"]
[TimeControl "40/7200:3600"]

1. e4 c5 2. Nf3 d6 3. Bb5+ Bd7 4. Bxd7+ Qxd7 5. O-O
Nf6 6. Re1 Nc6 7. c3 e6 8. d4 cxd4 9. cxd4 d5 10. e5 Ne4 11. Nbd2 Nxd2 12. Bxd2
Be7 13. Rc1 O-O 14. Rc3 Rfc8 15. a3 Qd8 16. h4 Bxh4 17. g4 Be7 18. Kg2 Bf8 19.
Rh1 h6 20. g5 Ne7 21. gxh6 gxh6 22. Bxh6 Bxh6 23. Rxh6 Qf8 24. Rh3 Rxc3 25.
bxc3 Ng6 26. Qc1 Rc8 27. Nh2 f5 28. exf6 Qxf6 29. Ng4 Qf4 30. Qd1 Rf8 31. Rg3
Rf5 32. Qe2 Kh7 33. Qxe6 Qxf2+ 34. Nxf2 Nf4+ 35. Kf3 Nxe6+ 36. Ke3 Rf7 37. Nd3
Rc7 38. Kd2 Rc6 39. Nb4 Rd6 40. Re3 a5 41. Nxd5 Nxd4 42. cxd4 Rxd5 43. Kd3 Rg5
44. a4 b5 45. axb5 Rxb5 46. Kc4 Rb8 47. d5 Kg7 48. d6 Kf6 49. Kc5 Rb2 50. d7
Rd2 51. Kc6 Rc2+ 52. Kd6 Rd2+ 53. Kc7 Rc2+ 54. Kd8 Kf7 55. Rf3+ Kg7 56. Rf4 Kg6
57. Ke7 Re2+ 58. Kd6 Rd2+ 59. Ke6 Kg7 60. Rf5 a4 61. Rd5 Re2+ 62. Kd6 a3 63.
d8=Q 1-0

[Event "TIPC 2006"]
[Site "Charleroi BEL"]
[Date "2006.08.01"]
[Round "5"]
[White "Maréchal, Andy"]
[Black "Wiley, Tom"]
[Result "0-1"]
[ECO "C11"]
[WhiteElo "2305"]
[BlackElo "2340"]
[PlyCount "80"]
[TimeControl "40/7200:3600"]

1. e4 e6 2. Nf3 d5 3. Nc3 Nf6 4. e5 Nfd7 5. d4 c5 6.
Bg5 Qb6 7. dxc5 Nxc5 8. Bb5+ Bd7 9. Bxd7+ Ncxd7 10. O-O Nc6 11. Re1 h6 12. Bh4
g5 13. Bg3 Be7 14. a3 a6 15. b4 Rc8 16. Qd3 g4 17. Nd2 Qd4 18. Na2 Qxd3 19.
cxd3 Nd4 20. Rac1 Rxc1 21. Nxc1 Nc2 22. Rd1 Nxa3 23. Ncb3 Nb5 24. Rc1 O-O 25.
Bf4 h5 26. Nc5 Bxc5 27. bxc5 Nd4 28. Kf1 Nc6 29. Nb3 Ndxe5 30. Ke2 f6 31. Rb1
Rf7 32. Bd2 Kg7 33. Ra1 Kg6 34. Ra4 Nd7 35. h3 gxh3 36. g3 d4 37. Ra1 h4 38. g4
f5 39. gxf5+ Rxf5 40. Rh1 Nxc5 0-1

[Event "TIPC 2006"]
[Site "Charleroi BEL"]
[Date "2006.08.01"]
[Round "5"]
[White "Foisor, Cristina"]
[Black "Foisor, Ovidiu"]
[Result "1/2-1/2"]
[ECO "C42"]
[WhiteElo "2393"]
[BlackElo "2415"]
[PlyCount "22"]
[TimeControl "40/7200:3600"]

1. e4 e5 2. Nf3 Nf6 3. Nxe5 d6 4. Nf3 Nxe4 5. Qe2
Qe7 6. d3 Nf6 7. Nc3 Qxe2+ 8. Bxe2 c6 9. O-O Be7 10. Ne4 d5 11. Nxf6+ Bxf6
1/2-1/2

[Event "TIPC 2006"]
[Site "Charleroi BEL"]
[Date "2006.08.01"]
[Round "5"]
[White "Cappon, John"]
[Black "Brittner, Serge"]
[Result "1-0"]
[ECO "C17"]
[WhiteElo "2231"]
[BlackElo "2327"]
[PlyCount "65"]
[TimeControl "40/7200:3600"]

1. e4 e6 2. d4 d5 3. Nc3 Bb4 4. e5 c5 5. Bd2 Ne7 6.
Nb5 Bxd2+ 7. Qxd2 O-O 8. f4 Nbc6 9. Nf3 a6 10. Nd6 Nxd4 11. Nxd4 cxd4 12. Qxd4
f6 13. O-O-O Nc6 14. Qe3 Qc7 15. Kb1 fxe5 16. fxe5 Rd8 17. Bd3 g6 18. Rhf1 Nxe5
19. Qxe5 Qxd6 20. Qg5 Rd7 21. Bxg6 Rg7 22. Bxh7+ Kxh7 23. Qh5+ Kg8 24. Qe8+ Kh7
25. Qh5+ Kg8 26. Qe8+ Kh7 27. Rf8 Kh6 28. Rh8+ Rh7 29. Rf1 Rxh8 30. Qxh8+ Kg5
31. Qf6+ Kg4 32. Qg6+ Kh4 33. Rf7 1-0

[Event "TIPC 2006"]
[Site "Charleroi BEL"]
[Date "2006.08.01"]
[Round "5"]
[White "Feller, Sébastien"]
[Black "Henris, Luc"]
[Result "1-0"]
[ECO "A80"]
[WhiteElo "2345"]
[BlackElo "2269"]
[PlyCount "69"]
[TimeControl "40/7200:3600"]

1. d4 f5 2. Nc3 Nf6 3. Bg5 d5 4. f3 Nc6 5. Qd2 e6 6.
e4 dxe4 7. Bb5 Be7 8. fxe4 O-O 9. Nge2 Nxe4 10. Nxe4 fxe4 11. Be3 Nb4 12. Nf4
c5 13. dxc5 Qa5 14. c3 Qxb5 15. cxb4 a5 16. a4 axb4 17. axb5 Rxa1+ 18. Kf2 Rxh1
19. Kg3 Rd8 20. Qxb4 e5 21. Nh3 Bf5 22. Nf2 Rb1 23. Qc3 Bf6 24. c6 bxc6 25.
bxc6 h5 26. h4 Rf8 27. Qc4+ Kh7 28. b4 Re1 29. Qc3 Re2 30. b5 Rg8 31. Qb3 Kh8
32. b6 g5 33. Kh2 gxh4 34. Qf7 Rg6 35. b7 1-0

[Event "TIPC 2006"]
[Site "Charleroi BEL"]
[Date "2006.08.02"]
[Round "6"]
[White "Ahn, Martin"]
[Black "Henris, Luc"]
[Result "1/2-1/2"]
[ECO "C41"]
[WhiteElo "2306"]
[BlackElo "2269"]
[PlyCount "30"]
[TimeControl "40/7200:3600"]

1. e4 e5 2. Nf3 d6 3. d4 exd4 4. Qxd4 a6 5. Bg5 Nc6
6. Qd2 Be7 7. Bxe7 Qxe7 8. Nc3 Nf6 9. O-O-O O-O 10. Nd5 Qd8 11. Bd3 Bg4 12. Qf4
Ne5 13. Nxf6+ Qxf6 14. Qxf6 gxf6 15. Be2 Nxf3 1/2-1/2

[Event "TIPC 2006"]
[Site "Charleroi BEL"]
[Date "2006.08.02"]
[Round "6"]
[White "Brittner, Serge"]
[Black "Feller, Sébastien"]
[Result "1/2-1/2"]
[ECO "D10"]
[WhiteElo "2327"]
[BlackElo "2345"]
[PlyCount "40"]
[TimeControl "40/7200:3600"]

1. d4 d5 2. c4 c6 3. Nc3 Nf6 4. e3 a6 5. Nf3 b5 6.
b3 Bg4 7. Be2 Nbd7 8. O-O e6 9. h3 Bf5 10. Bd3 Bb4 11. Bb2 Bxd3 12. Qxd3 O-O
13. cxd5 cxd5 14. Rfc1 Qb6 15. Rc2 Rfc8 16. Rac1 Qb7 17. Ne5 Nxe5 18. dxe5 Nd7
19. Ne2 Bf8 20. Ng3 Nb6 1/2-1/2

[Event "TIPC 2006"]
[Site "Charleroi BEL"]
[Date "2006.08.02"]
[Round "6"]
[White "Foisor, Ovidiu"]
[Black "Cappon, John"]
[Result "1/2-1/2"]
[ECO "D10"]
[WhiteElo "2415"]
[BlackElo "2231"]
[PlyCount "101"]
[TimeControl "40/7200:3600"]

1. c4 c6 2. d4 d5 3. e3 Nf6 4. Nc3 a6 5. Nf3 b5 6.
b3 Bg4 7. Be2 Nbd7 8. h3 Bf5 9. Nh4 Ne4 10. Nxd5 e6 11. Nxf5 cxd5 12. Ng3 Bb4+
13. Kf1 Nxg3+ 14. fxg3 bxc4 15. bxc4 dxc4 16. Rb1 Bd6 17. Bxc4 O-O 18. g4 Nf6
19. Bd3 Nd5 20. Bd2 Rb8 21. Rxb8 Qxb8 22. Qb3 Bb4 23. Bxb4 Nxb4 24. Be4 Rc8 25.
Kf2 Qd6 26. Rb1 Nd5 27. Qb7 Re8 28. Rb3 h5 29. gxh5 Nf6 30. Bf3 e5 31. Qc6 Qe7
32. Qc5 Qd8 33. dxe5 Qd2+ 34. Kg3 Nd7 35. Qc3 Qxa2 36. Bd5 Nxe5 37. Rb7 Qa4 38.
Rb4 Qd7 39. e4 Qd6 40. Kf2 Qf6+ 41. Kg1 Qf4 42. Rb6 a5 43. Rb1 a4 44. Ra1 Qg5
45. Rxa4 Qxh5 46. Ra1 Qg6 47. Rf1 Qb6+ 48. Kh1 g6 49. Qg3 Kg7 50. Qg5 f6 51.
Qd2 1/2-1/2

[Event "TIPC 2006"]
[Site "Charleroi BEL"]
[Date "2006.08.02"]
[Round "6"]
[White "Wiley, Tom"]
[Black "Foisor, Cristina"]
[Result "0-1"]
[ECO "B06"]
[WhiteElo "2340"]
[BlackElo "2393"]
[PlyCount "130"]
[TimeControl "40/7200:3600"]

1. d4 g6 2. e4 Bg7 3. Nc3 d6 4. Be3 a6 5. Qd2 Nd7 6.
a4 b6 7. Nf3 Bb7 8. h3 h6 9. Be2 e6 10. O-O Ne7 11. Rad1 Kf8 12. Nh2 Kg8 13.
Ng4 Qf8 14. Bc4 Kh7 15. Qe2 d5 16. exd5 exd5 17. Bb3 f5 18. Nh2 Re8 19. Qd2 c6
20. Rfe1 Nc8 21. Bf4 Qb4 22. Ne2 Qxd2 23. Bxd2 Nd6 24. c3 Re7 25. Nf4 Rhe8 26.
Rxe7 Rxe7 27. Re1 Rxe1+ 28. Bxe1 Nc4 29. Nd3 a5 30. Nf3 Ba6 31. Bc2 Bf6 32. g3
Kg7 33. Nd2 Bg5 34. Nf3 Be7 35. Nfe5 Ndxe5 36. dxe5 Kf7 37. f4 g5 38. Bf2 gxf4
39. gxf4 Ke6 40. Bd1 Nxb2 41. Nxb2 Ba3 42. Bxb6 Bxb2 43. Bxa5 Bc1 44. Kf2 Bxf4
45. Be2 Bxe2 46. Kxe2 Bxe5 47. Kd3 c5 48. c4 Kd6 49. Bd2 h5 50. Be3 Kc6 51. Bf2
Bc7 52. Be1 Bd8 53. Bd2 Bh4 54. Bc3 Bg3 55. cxd5+ Kxd5 56. a5 Bb8 57. Bd2 Be5
58. a6 Bb8 59. Ke3 Kc6 60. a7 Bxa7 61. Kf4 Kd5 62. Kxf5 Kd4 63. Kg5 Kd3 64. Ba5
c4 65. Kxh5 Be3 0-1

[Event "TIPC 2006"]
[Site "Charleroi BEL"]
[Date "2006.08.02"]
[Round "6"]
[White "Saibulatov, Danial"]
[Black "Maréchal, Andy"]
[Result "0-1"]
[ECO "C05"]
[WhiteElo "2431"]
[BlackElo "2305"]
[PlyCount "54"]
[TimeControl "40/7200:3600"]

1. e4 e6 2. d4 d5 3. Nd2 Nf6 4. e5 Nfd7 5. c3 c5 6.
f4 cxd4 7. cxd4 Nc6 8. Ndf3 f6 9. Bd3 fxe5 10. fxe5 Bb4+ 11. Bd2 O-O 12. Ne2
Rxf3 13. gxf3 Qh4+ 14. Kf1 Qh3+ 15. Kf2 Ndxe5 16. dxe5 Nxe5 17. Nf4 Bc5+ 18.
Be3 Qh4+ 19. Ke2 Bxe3 20. Kxe3 d4+ 21. Ke2 Qxf4 22. Be4 d3+ 23. Kf1 Bd7 24. Kg2
Qg5+ 25. Kf2 Rf8 26. h4 Ng4+ 27. Kg3 Qf4+ 0-1

[Event "TIPC 2006"]
[Site "Charleroi BEL"]
[Date "2006.08.03"]
[Round "7"]
[White "Feller, Sébastien"]
[Black "Foisor, Ovidiu"]
[Result "1/2-1/2"]
[ECO "A62"]
[WhiteElo "2345"]
[BlackElo "2415"]
[PlyCount "25"]
[TimeControl "40/7200:3600"]

1. d4 e6 2. c4 c5 3. d5 exd5 4. cxd5 d6 5. Nc3 g6 6.
Nf3 Bg7 7. g3 Nf6 8. Bg2 O-O 9. O-O Na6 10. Nd2 Nc7 11. Nc4 Nfe8 12. a4 b6 13.
Qc2 1/2-1/2